 Dungeon Crawl Stone Soup version 0.22-a0-445-g8c8ef71062 (webtiles) character file.

138434 MirrMurr the Imperceptible (level 16, -1/85 HPs)
             Began as a Spriggan Enchanter on May 28, 2018.
             Was a High Priest of Okawaru.
             Slain by a wolf spider (9 damage)
             ... on level 3 of the Spider Nest on June 2, 2018.
             The game lasted 02:19:21 (48314 turns).

MirrMurr the Imperceptible (Spriggan Enchanter)    Turns: 48314, Time: 02:19:21

Health: -1/85      AC: 15    Str:  9      XL:     16   Next: 71%
Magic:  17/26      EV: 25    Int: 18 (19) God:    Okawaru [*****.]
Gold:   2679       SH:  9    Dex: 16      Spells: 3/27 levels left

rFire    . . .     SeeInvis +   a - +8 dagger (elec)
rCold    . . .     Gourm    .   Y - +2 buckler
rNeg     . . .     Faith    .   O - quicksilver dragon scales
rPois    +         Spirit   .   I - +1 hat "Edori" {rCorr}
rElec    .         Reflect  .   D - +1 cloak
rCorr    +         Harm     .   (gloves unavailable)
MR       +++..                  (boots unavailable)
Stlth    ++++++++..             R - amulet of the acrobat
HPRegen  0.24/turn              H - ring of poison resistance
MPRegen  0.20/turn              s - +3 ring of protection

@: very quick
A: very small, unfitting armour, see invisible, herbivore, speed 3, slow
metabolism 2
a: Heroism, Finesse, Renounce Religion


You were on level 3 of the Spider Nest.
You worshipped Okawaru.
Okawaru was extremely pleased with you.
You were not hungry.

You visited 5 branches of the dungeon, and saw 28 of its levels.

You collected 3409 gold pieces.
You spent 730 gold pieces at shops.

Inventory:

Hand Weapons
 a - a +8 dagger of electrocution (weapon)
 b - a +3 rapier of electrocution
 l - a +5 lajatang of speed
 q - a +0 blowgun
 w - a +3 scimitar of flaming
 G - a +4 quick blade
Missiles
 d - 885 stones (quivered)
 u - 185 bolts
 P - 14 curare-tipped needles
Armour
 D - a +1 cloak (worn)
 I - the +1 hat "Edori" (worn) {rCorr}
   (Okawaru gifted it to you on level 10 of the Dungeon)

   It protects you from acid and corrosion.
 O - quicksilver dragon scales (worn)
 Y - a +2 buckler (worn)
Jewellery
 f - an uncursed ring of resist corrosion
 g - an uncursed amulet of the gourmand {unknown}
 n - an uncursed ring of magical power
 s - a +3 ring of protection (right hand)
 H - a ring of poison resistance (left hand)
 R - an amulet of the acrobat (around neck)
Wands
 i - a wand of acid (16)
 j - a wand of paralysis (28)
 v - a wand of digging (47)
 Q - a wand of iceblast (23)
Scrolls
 r - 13 scrolls of remove curse
 t - a scroll of vulnerability
 x - 3 scrolls of fear
 C - 4 scrolls of immolation
 E - 3 scrolls of magic mapping
 F - 9 scrolls of teleportation
 J - 2 scrolls of silence
 M - a scroll of amnesia
 N - a scroll of blinking
 T - a scroll of fog
Potions
 e - 3 potions of mutation
 h - 6 potions of might
 k - 2 potions of lignification {unknown}
 m - 8 potions of flight
 o - 7 potions of agility
 p - a potion of magic
 y - 7 potions of curing
 z - 2 potions of cancellation
 A - 6 potions of haste
 B - 2 potions of ambrosia {unknown}
 K - 3 potions of brilliance
 L - a potion of berserk rage
 S - a potion of invisibility
Comestibles
 c - 15 rations


   Skills:
 - Level 10.0 Fighting
 + Level 10.7 Short Blades
 - Level 15.0 Dodging
 * Level 23.1 Stealth
 + Level 5.8 Shields
 - Level 6.1 Spellcasting
 - Level 10.0 Hexes
 - Level 10.0 Charms
 * Level 5.6 Summonings
 + Level 3.6 Air Magic
 + Level 9.7 Invocations


You had 3 spell levels left.
You knew the following spells:

 Your Spells              Type           Power        Failure   Level  Hunger
a - Ensorcelled Hibernat  Hex/Ice        ###...       7%          2    None
b - Confuse               Hex            #####...     1%          3    ##.....
c - Tukima's Dance        Hex            #####...     1%          3    ##.....
d - Dazzling Spray        Conj/Hex       ###...       14%         3    ##.....
e - Spectral Weapon       Hex/Chrm       #####...     1%          3    ##.....
f - Call Imp              Summ           ####....     5%          2    None
g - Summon Small Mammal   Summ           ####         3%          1    None
h - Summon Lightning Spi  Summ/Air       ###.....     47%         4    ####...
i - Regeneration          Chrm/Necr      ###.......   14%         3    ##.....

Your spell library contained the following spells:

 Spells                   Type           Power        Failure   Level  Hunger
 Magic Dart               Conj           #...         36%         1    None
 Lightning Bolt           Conj/Air       ##........   99%         5    #####..
 Iskenderun's Mystic Bla  Conj           #.......     98%         4    ####...
 Summon Ice Beast         Ice/Summ       ###.....     75%         4    ####...
 Shock                    Conj/Air       ##..         17%         1    None
 Swiftness                Chrm/Air       ####....     3%          2    None
 Statue Form              Tmut/Erth      #........    100%        6    #######
 Dragon Form              Tmut           #.........   100%        7    #######
 Airstrike                Air            ###.......   63%         4    ####...
 Confusing Touch          Hex            #####.       1%          1    None
 Call Canine Familiar     Summ           ####....     11%         3    ##.....
 Metabolic Englaciation   Hex/Ice        ###.......   78%         5    #####..
 Static Discharge         Conj/Air       ##......     45%         3    ##.....
 Corona                   Hex            #####..      1%          1    None
 Petrify                  Tmut/Erth      #.......     98%         4    ####...
 Shroud of Golubria       Chrm/Tloc      ###.......   7%          2    None
 Fulminant Prism          Conj/Hex       ###.......   43%         4    ####...
 Force Lance              Conj/Tloc      #.......     98%         4    ####...
 Infusion                 Chrm           ####         1%          1    None
 Song of Slaying          Chrm           #####...     1%          2    None
 Searing Ray              Conj           #.....       50%         2    None
 Summon Guardian Golem    Hex/Summ       ####....     4%          3    ##.....
 Hydra Form               Tmut           #.........   100%        6    #######
 Irradiate                Conj/Tmut      #.........   100%        5    #####..
 Gell's Gravitas          Tloc           #.........   73%         3    ##.....
 Yara's Violent Unravell  Hex/Tmut       ###.......   78%         5    #####..


Dungeon Overview and Level Annotations

Branches:
Dungeon (15/15) Temple (1/1) D:6 Lair (6/6) D:11 Shoals (0/4) Lair:2 Spider (4/4) Lair:3 Slime (0/5) Lair:6 Orc (2/2) D:11 Elf (0/3) Orc:2 Vaults (0/5) D:12 D:13 Depths (0/5) D:15

Altars:
Ashenzari
Cheibriados
Dithmenos
Elyvilon
Fedhas
Gozag
Hepliaklqana
Kikubaaqudgha
Makhleb
Nemelex Xobeh
Okawaru
Qazlal
Ru
Sif Muna
Trog
Uskayaw
Vehumet
Wu Jian
Xom
Yredelemnul
Zin
The Shining One
Beogh

Shops:
D:8 *   Orc:1 =   Orc:2 [[(*[

Annotations:
Lair:3 exclusion: ice statue


Innate Abilities, Weirdness & Mutations

You are very small and have problems with some larger weapons.
You are too small for most types of armour.
You have supernaturally acute eyesight. (SInv)
You are a herbivore.
You cover ground extremely quickly.
You need to consume almost no food.


Message History

The spray of energy misses the wolf spider.
The wolf spider misses you. The wolf spider bites you.
* * * LOW HITPOINT WARNING * * *
The wolf spider completely misses you.
The wolf spider bites you but does no damage.
You puncture the wolf spider!
The wolf spider is heavily wounded.
You block the wolf spider's attack. x2
You hit the wolf spider.
Lightning courses through the wolf spider!
The wolf spider is severely wounded.
You hit the wolf spider.
The wolf spider is severely wounded.
The wolf spider hits you.
* * * LOW HITPOINT WARNING * * *
The wolf spider barely misses you.
You hit the wolf spider.
The wolf spider is severely wounded.
You block the wolf spider's attack. The wolf spider bites you!
You die...

#................#
....#......#.....#
.....[.#........##
...^..###.#..^...##
.#....#
###...#...##
..#...##
#..>^....##
..#....#
###...#...#
......## ##.....##
.....## ##.s@..#
.#...## ##.....##
^.....# #.....##
....!## #......#
#.#.## ##.....##
##### #.....##
###......#
##.#..>..##
##.......##


You could see a wolf spider.

Vanquished Creatures
  Nikola (Spider:1)
  An orc warlord (Orc:2)
  2 ghost moths
  An emperor scorpion (Spider:2)
  Nessos (D:12)
  6 entropy weavers
  3 spark wasps
  Snorg (Orc:2)
  2 ettins (Orc:1)
  Josephine (Lair:4)
  An ice dragon (Lair:3)
  6 hydras
  2 rakshasas (D:15)
  Erolcha (Orc:2)
  The ghost of NeAGen181 the Geomancer, a journeyman GrEE of Vehumet (D:11)
  2 centaur warriors
  6 two-headed ogres
  The ghost of NeAGen181 the Geomancer, a novice GrEE of Vehumet (D:9)
  5 death yaks
  4 tengu warriors
  2 orc high priests (Orc:2)
  Sonja (Lair:4)
  An unseen horror (D:14)
  An unseen horror (shapeshifter) (D:15)
  2 orc knights
  14 orb spiders
  Pikel (D:6)
  2 deep elf magi (D:13)
  An oklob plant (Lair:2)
  10 ugly things
  A cyclops (D:15)
  2 orc sorcerers (Orc:2)
  The ghost of tobi4572 the Slicer, a novice SpAs of Trog (D:7)
  16 wolf spiders
  3 elephants (Lair:5)
  2 black mambas
  A manticore (D:15)
  2 moths of wrath
  3 centaur zombies
  2 gargoyles (D:15)
  13 spiny frogs
  7 komodo dragons
  3 centaur skeletons
  2 efreet
  14 demonic crawlers
  A redback zombie (D:15)
  22 jumping spiders
  6 trolls
  5 polar bears
  11 hornets
  12 blink frogs
  9 hippogriffs
  A snapping turtle (Lair:2)
  61 redbacks
  A shadow (D:15)
  7 slime creatures
  16 spriggans
  6 wraiths
  19 tarantellas
  4 basilisks
  16 humans
  5 wyverns
  47 yaks
  A steam dragon (D:8)
  3 vampire mosquitoes (D:14)
  2 hungry ghosts
  Menkaure (D:6)
  4 wargs
  A soldier ant (D:13)
  13 water moccasins
  45 orc warriors
  12 porcupines
  2 slaves (D:6)
  A swamp drake (D:11)
  15 ice beasts
  A phantom (D:13)
  7 black bears
  An eye of draining (D:14)
  3 sky beasts (D:11)
  10 ogres
  6 boggarts
  17 wolves
  A tengu (shapeshifter) (D:15)
  10 centaurs
  15 crocodiles
  4 big kobolds
  Blork the orc (D:6)
  21 bullfrogs
  2 wyvern zombies
  3 wyvern skeletons
  4 scorpions
  3 killer bees (D:10)
  8 howler monkeys
  14 wights
  2 electric eels
  16 crimson imps
  3 bullfrog zombies
  7 hounds
  3 jellies
  26 orc wizards
  A quasit (D:10)
  29 orc priests
  3 bullfrog skeletons
  14 worker ants
  5 iguanas
  3 hound skeletons
  15 adders
  3 shadow imps
  4 white imps
  2 oozes
  2 adder skeletons (D:5)
  2 worms
  A dart slug (D:2)
  4 leopard geckos
  142 orcs
  A ball python (D:1)
  4 giant cockroaches
  4 goblins
  8 hobgoblins
  5 jackals
  6 quokkas
  10 bats
  6 frilled lizards
  22 kobolds
  18 rats
1006 creatures vanquished.

Vanquished Creatures (collateral kills)
  An orc warrior (D:10)
1 creature vanquished.

Vanquished Creatures (others)
  A wolf spider (Spider:2)
  A dancing weapon (D:10)
  A redback (Spider:2)
  A slave (D:6)
  An orc priest (D:6)
  An orc wizard (Orc:1)
  An orc (Orc:2)
  22 fungi
  10 plants
39 creatures vanquished.

Grand Total: 1046 creatures vanquished

Notes
Turn   | Place    | Note
-------+----------+-------------------------------------------
     0 | D:1      | MirrMurr the Spriggan Enchanter began the quest for the Orb.
     0 | D:1      | Reached XP level 1. HP: 9/9 MP: 5/5
    58 | D:1      | Reached XP level 2. HP: 7/13 MP: 6/6
    59 | D:1      | Reached skill level 5 in Stealth
    73 | D:1      | Learned a level 2 spell: Ensorcelled Hibernation
  1278 | D:1      | Reached XP level 3. HP: 16/16 MP: 8/8
  1283 | D:1      | Learned a level 3 spell: Confuse
  2224 | D:2      | Reached skill level 6 in Stealth
  2584 | D:2      | Reached XP level 4. HP: 18/21 MP: 6/9
  3325 | D:3      | Found an ornate altar of the Wu Jian Council.
  3337 | D:3      | Found a hide-covered altar of Uskayaw.
  3346 | D:3      | Found a white marble altar of Elyvilon.
  3355 | D:3      | Found an iron altar of Okawaru.
  3360 | D:3      | Became a worshipper of Warmaster Okawaru
  3366 | D:3      | Found a shattered altar of Ashenzari.
  3373 | D:3      | Found a deep blue altar of Sif Muna.
  3394 | D:3      | Found a snail-covered altar of Cheibriados.
  4102 | D:3      | Reached skill level 7 in Stealth
  4102 | D:3      | Reached XP level 5. HP: 20/24 MP: 2/10
  4417 | D:4      | Noticed an ogre
  4435 | D:4      | Killed an ogre
  4441 | D:4      | Reached skill level 8 in Stealth
  4468 | D:4      | Reached XP level 6. HP: 28/28 MP: 4/11
  4473 | D:4      | Learned a level 3 spell: Tukima's Dance
  4513 | D:4      | Reached skill level 5 in Short Blades
  5270 | D:5      | Entered Level 5 of the Dungeon
  5292 | D:5      | Reached * piety under Okawaru
  5641 | D:5      | Reached skill level 5 in Hexes
  5641 | D:5      | Reached XP level 7. HP: 32/32 MP: 11/13
  5762 | D:5      | Got a pitted dagger
  5764 | D:5      | Identified the +6 dagger of Popular Demand {flame, +Blink} (You found it on level 5 of the Dungeon)
  6373 | D:6      | Noticed Pikel
  6376 | D:6      | Found a shimmering altar of Xom.
  6406 | D:6      | Killed Pikel
  6406 | D:6      | Reached ** piety under Okawaru
  6406 | D:6      | Reached skill level 9 in Stealth
  6406 | D:6      | Reached XP level 8. HP: 21/36 MP: 9/16
  6501 | D:6      | Found a glowing silver altar of Zin.
  6570 | D:6      | Found a white marble altar of Elyvilon.
  6570 | D:6      | Found a glowing silver altar of Zin.
  6571 | D:6      | Found a hide-covered altar of Uskayaw.
  6571 | D:6      | Found a snail-covered altar of Cheibriados.
  6572 | D:6      | Found a glowing golden altar of the Shining One.
  6572 | D:6      | Found a blossoming altar of Fedhas.
  6574 | D:6      | Found a shimmering altar of Xom.
  6575 | D:6      | Found a bloodstained altar of Trog.
  6575 | D:6      | Found a sparkling altar of Nemelex Xobeh.
  6575 | D:6      | Found a shattered altar of Ashenzari.
  6576 | D:6      | Found an ancient bone altar of Kikubaaqudgha.
  6576 | D:6      | Found a shimmering altar of Xom.
  6592 | D:6      | Found a staircase to the Ecumenical Temple.
  6597 | Temple   | Entered the Ecumenical Temple
  6848 | D:6      | Reached skill level 10 in Stealth
  6880 | D:6      | Found a stormy altar of Qazlal.
  7227 | D:6      | Noticed Menkaure
  7244 | D:6      | Killed Menkaure
  7244 | D:6      | Reached skill level 1 in Fighting
  7429 | D:6      | Got a brightly glowing troll leather armour
  7430 | D:6      | Identified the +1 troll leather armour "Xes Femye" {rC- Regen+ Dex+9} (You took it off a centaur on level 6 of the Dungeon)
  7542 | D:6      | Noticed Blork the orc
  7549 | D:6      | Killed Blork the orc
  7549 | D:6      | Reached skill level 5 in Dodging
  8258 | D:7      | Noticed tobi4572's ghost (novice SpAs)
  8499 | D:7      | Killed tobi4572's ghost
  8499 | D:7      | Reached *** piety under Okawaru
  8499 | D:7      | Reached skill level 11 in Stealth
  8499 | D:7      | Reached XP level 9. HP: 33/44 MP: 1/17
  8664 | D:7      | Found a sacrificial altar of Ru.
  8973 | D:8      | Reached skill level 12 in Stealth
  9427 | D:7      | Reached **** piety under Okawaru
  9828 | D:8      | Reached skill level 5 in Spellcasting
  9838 | D:8      | Learned a level 3 spell: Dazzling Spray
  9878 | D:8      | Reached XP level 10. HP: 49/49 MP: 5/18
  9986 | D:8      | Found Tesiehir's Assorted Antiques.
 10396 | D:9      | Noticed a tengu warrior
 10396 | D:9      | Noticed a tengu warrior
 10650 | D:9      | Found a glowing golden altar of the Shining One.
 10898 | D:9      | Killed a tengu warrior
 10952 | D:9      | Killed a tengu warrior
 10952 | D:9      | Reached ***** piety under Okawaru
 11001 | D:9      | Noticed NeAGen181's ghost (novice GrEE)
 11130 | D:9      | Killed NeAGen181's ghost
 11311 | D:9      | Found a hazy altar of Hepliaklqana.
 11397 | D:10     | Entered Level 10 of the Dungeon
 11588 | D:10     | Reached skill level 13 in Stealth
 11731 | D:10     | Received a gift from Okawaru
 11733 | D:10     | Got a warped hat {god gift}
 11771 | D:10     | Identified the +1 hat "Edori" {rCorr} (Okawaru gifted it to you on level 10 of the Dungeon)
 11883 | D:10     | Noticed a two-headed ogre
 12042 | D:10     | Killed a two-headed ogre
 12042 | D:10     | Reached skill level 10 in Dodging
 12042 | D:10     | Reached XP level 11. HP: 30/54 MP: 1/21
 12243 | D:10     | Noticed a two-headed ogre
 12433 | D:10     | Found an ornate altar of the Wu Jian Council.
 12559 | D:10     | Noticed a white ugly thing
 12584 | D:10     | Killed a white ugly thing
 12957 | D:10     | Killed a two-headed ogre
 12957 | D:10     | Reached skill level 5 in Fighting
 13049 | D:10     | Found an ornate altar of the Wu Jian Council.
 13666 | D:11     | Noticed a two-headed ogre
 13805 | D:11     | Killed a two-headed ogre
 13805 | D:11     | Reached skill level 10 in Hexes
 13963 | D:11     | Noticed a tengu warrior
 13964 | D:11     | Noticed a tengu warrior
 14315 | D:11     | Reached skill level 14 in Stealth
 14584 | D:11     | Found a roughly hewn altar of Beogh.
 14584 | D:11     | Found a staircase to the Orcish Mines.
 14610 | D:11     | Killed a tengu warrior
 14610 | D:11     | Reached skill level 10 in Short Blades
 14696 | D:10     | Killed a tengu warrior
 14696 | D:10     | Received a gift from Okawaru
 14959 | D:11     | Noticed NeAGen181's ghost (journeyman GrEE)
 16143 | D:11     | Noticed a seven-headed hydra
 16150 | D:11     | Killed a seven-headed hydra
 16285 | D:11     | Killed NeAGen181's ghost
 16285 | D:11     | Reached skill level 15 in Stealth
 16285 | D:11     | Reached XP level 12. HP: 58/61 MP: 4/22
 16481 | D:11     | Found a staircase to the Lair.
 16566 | Lair:1   | Entered Level 1 of the Lair of Beasts
 16736 | Lair:1   | Found the +8 whip "Snakebite" {curare, rPois}
 16808 | Lair:1   | Reached ****** piety under Okawaru
 17141 | Lair:1   | Noticed a four-headed hydra
 17566 | Lair:1   | Killed a four-headed hydra
 18364 | Lair:2   | Reached skill level 15 in Dodging
 18784 | Lair:2   | Reached skill level 1 in Invocations
 19415 | Lair:2   | Found a staircase to the Shoals.
 19542 | Lair:3   | Received a gift from Okawaru
 19719 | Lair:3   | Noticed an ice dragon
 20135 | Lair:3   | Killed an ice dragon
 20135 | Lair:3   | Reached skill level 16 in Stealth
 20773 | Lair:3   | Found a hole to the Spider Nest.
 20981 | Lair:3   | Reached XP level 13. HP: 29/67 MP: 2/23
 21821 | Lair:4   | Noticed Sonja
 21828 | Lair:4   | Killed Sonja
 21980 | Lair:4   | Found a dark tunnel.
 22004 | Lair:4   | Reached skill level 17 in Stealth
 22029 | Lair:4   | Noticed Josephine
 22210 | Lair:4   | Received a gift from Okawaru
 22952 | Lair:4   | Killed Josephine
 24379 | Lair:4   | Reached skill level 18 in Stealth
 24379 | Lair:4   | Reached skill level 5 in Invocations
 24916 | Lair:6   | Entered Level 6 of the Lair of Beasts
 24997 | Lair:6   | Found a staircase to the Slime Pits.
 25470 | Lair:6   | Found the +8 Wrath of Trog {antimagic, *Rage}
 25713 | Lair:6   | Paralysed by a hornet for 1 turns
 25940 | Lair:6   | Upgraded the game from 0.22-a0-433-gd2a9cce0b5 to 0.22-a0-443-g17c3723931
 25944 | Lair:6   | Learned a level 3 spell: Spectral Weapon
 25948 | Lair:6   | Learned a level 3 spell: Summon Guardian Golem
 26002 | Lair:6   | Received a gift from Okawaru
 26114 | Lair:6   | Reached skill level 1 in Charms
 26230 | Lair:6   | Paralysed by a hornet for 2 turns
 26616 | Lair:6   | Reached XP level 14. HP: 16/75 MP: 24/24
 27373 | Lair:5   | Reached skill level 19 in Stealth
 27618 | Lair:6   | Reached skill level 1 in Shields
 28154 | D:12     | Found a bloodstained altar of Trog.
 29525 | D:13     | Found a gate to the Vaults.
 29525 | D:13     | Noticed Nessos
 30243 | D:12     | Reached skill level 10 in Fighting
 30249 | D:12     | Killed Nessos
 30947 | D:13     | Reached skill level 5 in Charms
 30947 | D:13     | Reached skill level 1 in Summonings
 31067 | D:13     | Received a gift from Okawaru
 31112 | D:13     | Got a scorched rapier {god gift}
 31115 | D:13     | Identified the +6 rapier of the Vine {freeze, SInv} (Okawaru gifted it to you on level 13 of the Dungeon)
 31941 | D:14     | Reached skill level 20 in Stealth
 33080 | D:15     | Entered Level 15 of the Dungeon
 33163 | D:15     | Learned a level 2 spell: Call Imp
 33945 | D:15     | Received a gift from Okawaru
 34155 | D:15     | Reached XP level 15. HP: 78/80 MP: 25/25
 34768 | D:15     | Found a staircase to the Depths.
 35165 | Orc:1    | Entered Level 1 of the Orcish Mines
 35165 | Orc:1    | Found Giry's Jewellery Boutique.
 35465 | Orc:2    | Entered Level 2 of the Orcish Mines
 35877 | Orc:2    | Noticed an orc warlord
 36329 | Orc:2    | Killed an orc warlord
 36329 | Orc:2    | Received a gift from Okawaru
 36329 | Orc:2    | Reached skill level 21 in Stealth
 36412 | Orc:2    | Found a staircase to the Elven Halls.
 36416 | Orc:2    | Found Saptetag's General Store.
 36453 | Orc:2    | Noticed Erolcha
 36484 | Orc:2    | Killed Erolcha
 36491 | Orc:2    | Found a roughly hewn altar of Beogh.
 36507 | Orc:2    | Bought a scroll of enchant weapon for 127 gold pieces
 36507 | Orc:2    | Bought a potion of agility for 68 gold pieces
 36627 | Orc:2    | Found a roughly hewn altar of Beogh.
 36908 | Orc:2    | Found a roughly hewn altar of Beogh.
 36914 | Orc:2    | Found Xotunu's Armour Shoppe.
 36960 | Orc:2    | Bought a +0 cloak for 63 gold pieces
 37028 | Orc:2    | Found Giroetuj's Antique Weapon Shoppe.
 37029 | Orc:2    | Found a roughly hewn altar of Beogh.
 37030 | Orc:2    | Found Xourobig's Antique Armour Emporium.
 37188 | Orc:2    | Found a roughly hewn altar of Beogh.
 37228 | Orc:2    | Noticed Snorg
 37277 | Orc:2    | Killed Snorg
 37352 | Orc:2    | Found a roughly hewn altar of Beogh.
 37516 | Orc:2    | Found a roughly hewn altar of Beogh.
 37543 | Orc:2    | Found Qyentis's Armour Shoppe.
 37710 | Orc:2    | Found a roughly hewn altar of Beogh.
 38444 | D:8      | Bought a scroll of vulnerability for 202 gold pieces
 38444 | D:8      | Bought a blackened lapis lazuli amulet for 135 gold pieces
 38444 | D:8      | Bought a scroll of teleportation for 81 gold pieces
 38444 | D:8      | Bought a scroll of identify for 54 gold pieces
 38658 | Spider:1 | Entered Level 1 of the Spider Nest
 39751 | Spider:1 | Learned a level 1 spell: Summon Small Mammal
 40431 | Spider:2 | Noticed a ghost moth
 40463 | Spider:2 | Killed a ghost moth
 40700 | Spider:1 | Upgraded the game from 0.22-a0-443-g17c3723931 to 0.22-a0-445-g8c8ef71062
 41392 | Spider:1 | Reached skill level 22 in Stealth
 41732 | Spider:2 | Reached skill level 5 in Summonings
 41744 | Spider:2 | Learned a level 4 spell: Summon Lightning Spire
 41959 | Spider:2 | Received a gift from Okawaru
 42253 | Spider:2 | Noticed Nikola
 42283 | Spider:1 | Reached XP level 16. HP: 76/85 MP: 26/26
 42327 | Spider:1 | Killed Nikola
 42327 | Spider:1 | Reached skill level 5 in Shields
 42327 | Spider:1 | Reached skill level 1 in Air Magic
 42768 | Spider:2 | Reached skill level 10 in Charms
 44323 | Spider:3 | Received a gift from Okawaru
 44972 | Spider:4 | Entered Level 4 of the Spider Nest
 44979 | Spider:3 | Learned a level 3 spell: Regeneration
 46309 | Spider:2 | HP: 4/85 [poisoned by a redback]
 46316 | Spider:2 | HP: 3/85 [poisoned by a redback]
 46323 | Spider:2 | HP: 3/85 [poisoned by a redback]
 46331 | Spider:2 | HP: 3/85 [poisoned by a redback]
 46988 | Spider:4 | Reached skill level 23 in Stealth
 48314 | Spider:3 | Slain by a wolf spider

Vault maps used:
D:1:      erik_arrival_orb_chamber
D:3:      grunt_temple_overflow_octagram, first_ration, serial_curves,
          eino_curves_03, eino_curves_01
D:4:      serial_curves, eino_curves_03, eino_curves_01
D:6:      xom_teletrap_fun, zin_scriptorium, grunt_qazlal_clouds,
          temple_doors_ab, uniq_menkaure, uniq_pikel, uniq_blork_the_orc
D:7:      nicolae_ru_great_annihilating_truth
D:8:      serial_shops, shop
D:9:      marbit_many_paths, kennysheep_mini
D:10:     basic_altar, minmay_nine_imps
D:11:     erik_lair_dragon, david_orc_5
D:12:     the_bakery, trog_ov_bears_minmay
D:13:     david_vaults_3, palyth_stone_intersect
D:14:     special_room, hangedman_abyss_or_decor_clamps,
          corexii_leaking_fountain, kennysheep_pointless_box
D:15:     gammafunk_enter_depths_forms, portal_ice_cave_entry_ice_beasts,
          minivault_23
Temple:   jpeg_temple_alley_garden
Lair:1:   minmay_guarded_unrand_snakebite
Lair:2:   minmay_shoals_entry_hut, st_stairs_3, grunt_megastairs_3
Lair:3:   spider_nest_entry_webs, minmay_holes, columned_hall_lemuel,
          ice2_lemuel, grunt_megastairs_5
Lair:4:   nicolae_volcano_entry_hallway, grunt_megastairs_2,
          lemuel_fruit_fields, uniq_sonja, uniq_josephine
Lair:5:   serial_bayou_pond_b
Lair:6:   minmay_lair_end_enchanted_forest, slime_dummy
Spider:1: nicolae_spider_mines_1
Spider:2: nicolae_spider_webs_and_nodes, uniq_nikola
Spider:4: guppyfry_spider_rune, guppyfry_spider_mini_1
Orc:1:    serial_shops, shop
Orc:2:    grunt_orc_community_town_hall, grunt_orc_community_big_house_2,
          grunt_orc_community_big_house_2, grunt_orc_community_house_1,
          grunt_orc_community_house_1, grunt_orc_community_house_1,
          grunt_orc_community_house_3, grunt_orc_community_house_3,
          serial_shops, shop, basic_altar, nicolae_orc_rockfall,
          kennysheep_orc_chapel, uniq_erolcha, uniq_snorg

Skill      XL: |  1  2  3  4  5  6  7  8  9 10 11 12 13 14 15 16 |
---------------+-------------------------------------------------+-----
Stealth        | 5 6 7 8 9 11 12 13 15 16 18 20 22 23 | 23.1
Short Blades   | 2 3 4 5 8 9 10 | 10.7
Hexes          | 5 6 8 9 10 | 10.0
Spellcasting   | 3 4 5 6 |  6.1
Fighting       | 3 4 6 7 9 10 | 10.0
Dodging        | 6 8 10 12 15 | 15.0
Invocations    | 3 5 7 8 9 |  9.7
Charms         | 2 7 9 10 | 10.0
Shields        | 3 4 5 |  5.8
Summonings     | 2 5 |  5.6
Air Magic      | 3 |  3.6

Action                   |  1- 3 |  4- 6 |  7- 9 | 10-12 | 13-15 | 16-18 || total
-------------------------+-------+-------+-------+-------+-------+-------++-------
Melee: Dagger            |   204 |   102 |   247 |   687 |  2552 |   469 ||  4261
       Punch             |       |       |     1 |       |     2 |       ||     3
       Rapier            |       |       |       |       |    33 |    54 ||    87
 Fire: Hunting sling     |    42 |    53 |       |    21 |     7 |       ||   123
       Hand crossbow     |       |       |       |       |   115 |       ||   115
 Cast: Ensorcelled Hiber |     7 |    34 |    50 |   172 |   133 |    22 ||   418
       Confuse           |       |     1 |    17 |    92 |    53 |    55 ||   218
       Tukima's Dance    |       |       |       |     3 |     3 |       ||     6
       Dazzling Spray    |       |       |       |    20 |    26 |    35 ||    81
       Spectral Weapon   |       |       |       |       |       |     1 ||     1
Invok: Heroism           |       |       |     1 |       |    32 |     2 ||    35
       Finesse           |       |       |       |       |     7 |     2 ||     9
Evoke: Wand              |       |       |     1 |    12 |     5 |     5 ||    23
  Use: Scroll            |     1 |    15 |     9 |     7 |    18 |       ||    50
       Potion            |       |       |       |       |     5 |     3 ||     8
 Stab: Sleeping          |     9 |    32 |    40 |   101 |   122 |    15 ||   319
       Distracted        |       |     1 |       |     2 |    10 |     1 ||    14
       Confused          |       |     1 |     4 |    36 |    21 |    25 ||    87
       Paralysed         |       |       |     1 |       |       |       ||     1
       Invisible         |       |       |       |     2 |     8 |    10 ||    20
  Eat: Ration            |       |     3 |     3 |     8 |    14 |     6 ||    34
Armor: Robe              |    28 |     9 |    24 |    47 |       |       ||   108
       Quicksilver drago |       |       |       |    14 |   259 |   135 ||   408
Dodge: Dodged            |   185 |    64 |   202 |   420 |  1526 |   606 ||  3003
Block: Buckler           |       |       |       |       |   615 |   289 ||   904

Table legend:
 A = Spawn XP
 B = Non-spawn XP
 C = Spawn XP percentage of total XP
 D = Spawn monster count
 E = Non-spawn monster count
 F = Spawn count percentage of total count
 G = Total turns spent on level
                    A         B        C        D         E        F      G
               +---------+---------+-------+---------+---------+-------+---------
         Total |       0 |  197763 |   0.0 |       0 |    1006 |   0.0 | 48314
               +---------+---------+-------+---------+---------+-------+---------
           D:1 |       0 |      44 |   0.0 |       0 |      31 |   0.0 |  1926
           D:2 |       0 |      77 |   0.0 |       0 |      25 |   0.0 |  1406
           D:3 |       0 |     104 |   0.0 |       0 |      18 |   0.0 |  1105
           D:4 |       0 |     344 |   0.0 |       0 |      12 |   0.0 |   861
           D:5 |       0 |     263 |   0.0 |       0 |      14 |   0.0 |  1153
           D:6 |       0 |    1667 |   0.0 |       0 |      20 |   0.0 |  1683
           D:7 |       0 |    1589 |   0.0 |       0 |      29 |   0.0 |  1083
           D:8 |       0 |    1592 |   0.0 |       0 |      33 |   0.0 |   805
           D:9 |       0 |    2883 |   0.0 |       0 |       9 |   0.0 |  1340
          D:10 |       0 |    7036 |   0.0 |       0 |      59 |   0.0 |  3500
          D:11 |       0 |    6924 |   0.0 |       0 |      53 |   0.0 |  1971
          D:12 |       0 |    7591 |   0.0 |       0 |      40 |   0.0 |  1926
          D:13 |       0 |   10381 |   0.0 |       0 |      47 |   0.0 |  1447
          D:14 |       0 |    5516 |   0.0 |       0 |      53 |   0.0 |  1486
          D:15 |       0 |   16878 |   0.0 |       0 |      49 |   0.0 |  1735
        Lair:1 |       0 |    4559 |   0.0 |       0 |      25 |   0.0 |  1612
        Lair:2 |       0 |    4893 |   0.0 |       0 |      23 |   0.0 |  1835
        Lair:3 |       0 |    7118 |   0.0 |       0 |      34 |   0.0 |  2323
        Lair:4 |       0 |   10459 |   0.0 |       0 |      34 |   0.0 |  2297
        Lair:5 |       0 |    7880 |   0.0 |       0 |      21 |   0.0 |  2444
        Lair:6 |       0 |   14094 |   0.0 |       0 |      63 |   0.0 |  1802
      Spider:1 |       0 |   20920 |   0.0 |       0 |      46 |   0.0 |  2837
      Spider:2 |       0 |   15171 |   0.0 |       0 |      34 |   0.0 |  2757
      Spider:3 |       0 |   25081 |   0.0 |       0 |      65 |   0.0 |  3017
      Spider:4 |       0 |    7700 |   0.0 |       0 |      20 |   0.0 |   551
         Orc:1 |       0 |    4179 |   0.0 |       0 |      28 |   0.0 |  1151
         Orc:2 |       0 |   12820 |   0.0 |       0 |     121 |   0.0 |  2027
               +---------+---------+-------+---------+---------+-------+---------
